 Dungeon Crawl Stone Soup version 0.28.0-53-g5a82cb258f (webtiles) character file.

Game seed: 3930628555263020542

80 greena the Skirmisher (level 4, -12/35 HPs)
             Began as a Demonspawn Fighter on May 26, 2022.
             Mangled by a kobold
             ... wielding a +1 dagger of distortion
              (16 damage)
             ... on level 3 of the Dungeon.
             The game lasted 00:07:38 (2552 turns).

greena the Skirmisher (Demonspawn Fighter)          Turns: 2552, Time: 00:07:38

Health: -12/35     AC: 10    Str: 18    XL:     4   Next: 18%
Magic:  4/4        EV:  9    Int:  9    God:
Gold:   88         SH:  4    Dex: 13    Spells: 3/3 levels left

rFire   . . .      SeeInvis .   a - +0 long sword
rCold   . . .      Faith    .   c - +0 buckler
rNeg    . . .      Spirit   .   b - +0 scale mail
rPois   .          Reflect  .   (no helmet)
rElec   .          Harm     .   o - +0 cloak
rCorr   .          Rampage  .   (no gloves)
Will    .....                   (no boots)
Stlth   ..........              (no amulet)
HPRegen 0.11/turn               (no ring)
MPRegen 0.09/turn               (no ring)

@: mighty
A: slimy green scales 1
a: no special abilities


You were on level 3 of the Dungeon.
You visited 1 branch of the dungeon, and saw 3 of its levels.

You collected 88 gold pieces.

Inventory:

Hand Weapons
 a - a +0 long sword (weapon)
Missiles
 g - 16 bolts
 m - 7 poisoned darts (quivered)
Armour
 b - a +0 scale mail (worn)
 c - a +0 buckler (worn)
 o - a +0 cloak (worn)
Scrolls
 f - a scroll of identify {unknown}
 i - a scroll of enchant armour {unknown}
 j - a scroll of magic mapping {unknown}
 l - a scroll of teleportation {unknown}
 n - a scroll of enchant weapon {unknown}
Potions
 e - a potion of brilliance {unknown}
 h - a potion of flight {unknown}
 k - a potion of curing {unknown}


   Skills:
 + Level 3.4 Fighting
 + Level 2.6 Long Blades
 + Level 3.2 Armour
 + Level 0.1 Dodging
 + Level 0.1 Stealth
 + Level 3.2 Shields


You had 3 spell levels left.
You didn't know any spells.
Your spell library contained the following spells:

 Spells                   Type           Power      Damage    Failure   Level
 Beastly Appendage        Tmut           0%         N/A       86%         1
 Wereblood                Tmut           0%         N/A       94%         2
 Spider Form              Tmut/Pois      0%         N/A       99%         3


Dungeon Overview and Level Annotations

Branches:
Dungeon (3/15)

Altars:
Lugonu

Portals:
Abyss: D:3


Innate Abilities, Weirdness & Mutations

You are partially covered in slimy green scales. (AC +2)


Message History

The dart slug launches a dart at you. The slug dart misses you.
You feel sick.
You are no longer poisoned.
The dart slug launches a dart at you.
The slug dart hits you but does no damage.
The dart slug launches a dart at you. The slug dart misses you.
You slash the dart slug!
You kill the dart slug!
You start resting.
HP restored.
The kobold shouts!
The kobold shouts!
The kobold shouts!
You barely miss the kobold.
The kobold hits you with a +2 short sword of distortion.
You blink.
The kobold closely misses you.
The kobold hits you with a +1 dagger of distortion.
Space warps horribly around you!
You closely miss the kobold.
The kobold hits you but does no damage. x2
The kobold hits you with a +2 short sword of distortion.
Space warps around you.
* * * LOW HITPOINT WARNING * * *
The kobold closely misses you. The kobold barely misses you.
The kobold closely misses you.
You feel very mighty all of a sudden. The kobold completely misses you.
The kobold hits you with a +1 dagger of distortion.
* * * LOW HITPOINT WARNING * * *
Space warps horribly around you.
* * * LOW HITPOINT WARNING * * *
You block the kobold's attack.
You slash the kobold!
You kill the kobold!
You block the kobold's attack. The kobold closely misses you.
You barely miss the kobold. The kobold hits you but does no damage.
Space warps horribly around you!
You die...

.. .....#
..##.....# ##
.#......# ### ##
#.### .......#
#.##.###...##
#......#
##.#..§##§...# #.#
#..#KK§§§§§§.###.#
#..#K§§#.§§§KK'..#
#..# §##.§§§@)'..#
##.# ##....###..#
#.# ###.... ##.#
#.####†###.# #.#
... #......# ###
#.# #.# ######.#
#.# #.# #.# #.#
#.# #.########.#
#># ##.....)....#
#.#


You could see 2 kobolds.

Vanquished Creatures
  2 adders (D:2)
  A worm (D:2)
  2 dart slugs
  5 bats
  6 endoplasms
  A giant cockroach (D:1)
  3 goblins
  4 hobgoblins
  4 quokkas
  4 ball pythons
  7 frilled lizards
  9 kobolds
  4 rats
52 creatures vanquished.

Vanquished Creatures (others)
  A fungus (D:3)
  A plant (D:3)
2 creatures vanquished.

Grand Total: 54 creatures vanquished

Notes
Turn   | Place    | Note
-------+----------+-------------------------------------------
     0 | D:1      | greena the Demonspawn Fighter began the quest for the Orb.
     0 | D:1      | Reached XP level 1. HP: 18/18 MP: 1/1
   146 | D:1      | Gained mutation: You are partially covered in slimy green
                  | scales. (AC +2) [demonic ancestry]
   146 | D:1      | Reached XP level 2. HP: 24/24 MP: 2/2
  1137 | D:2      | Reached XP level 3. HP: 29/29 MP: 3/3
  1805 | D:2      | Reached XP level 4. HP: 35/35 MP: 4/4
  2130 | D:3      | Found a faded altar of an unknown god.
  2350 | D:3      | Found a one-way gate to the infinite horrors of the Abyss.
  2376 | D:3      | Found a large runed translucent door.
  2377 | D:3      | Found a large runed translucent door.
  2379 | D:3      | Found a corrupted altar of Lugonu.
  2552 | D:3      | Mangled by a kobold

Illustrated notes

Levels and vault maps discovered:
D:1:      psy_arrival_terrarium, layout_basic
D:2:      layout_loops_ring, minmay_mini_jars
D:3:      due_chaos_kobolds, layout_loops_ring, makhleb_altar_promises_db,
          dreamdust_ecumenical_altar_grove, uniq_grinder, uniq_natasha,
          uniq_ijyb

Skill      XL: |  1  2  3 |
---------------+----------+-----
Shields        | 3 |  3.2
Long Blades    | 2 |  2.6
Armour         | 3 |  3.2
Fighting       | |  3.4
Dodging        | |  0.1
Stealth        | |  0.1

Action                   |  1- 3 |  4- 6 || total
-------------------------+-------+-------++-------
Melee: Long sword        |   133 |    28 ||   161
  Use: Potion            |       |     1 ||     1
Armor: Scale mail        |    77 |    12 ||    89
Dodge: Dodged            |    63 |    21 ||    84
Block: Buckler           |    28 |    13 ||    41
